AoeStats
← Mr. Penis

Nomad

503789708Analyzed
4v4 RM · 1mo ago on Sep 2, 2026· 48m 26s· 8 players
Game mode
Random Map
Map size
231×231
Population
200
Speed
Normal
Resources
Standard
Victory
Conquest
Starting age
Dark Age
Ending age
Imperial Age
RankedLock teamsTeams togetherTeam positionsShared explorationLock speedFull tech treeHidden civsTurbo modeCheats
Victory
Defeat
🇨🇳 Bulgarians · China
1366
+10
🇭🇰 Huns · Hong Kong SAR China
1361
+11
🇸🇪 Berbers · Sweden
1345
+11
🇵🇪 Spanish · Peru
1327
+12
🇪🇸 Franks · Spain
1270
-12
🇹🇷 Poles · Türkiye
1244
-11
🇫🇷 Mongols · France
1230
-11
🇷🇺 Jurchens · Russia
1215
-10
Aspirante
13:26 Feudal Age
17:26 Castle Age
16:02 Forging
17:19 Scale Barding Armor
17:32 Double-Bit Axe
20:33 Iron Casting
21:20 Loom
24:33 Chain Barding Armor
32:19 Wheelbarrow
38:59 Imperial Age
46:10 Plate Barding Armor
46:35 Blast Furnace
47:09 Blast Furnace
Taurtillas
6:07 Loom
13:29 Feudal Age
18:33 Castle Age
24:25 Forging
29:49 Gold Mining
33:31 Imperial Age
31:57 Bloodlines
34:52 Iron Casting
36:17 Double-Bit Axe
38:46 Chemistry
38:25 Horse Collar
Mr. Penis
15:27 Feudal Age
16:24 Horse Collar
19:30 Castle Age
17:17 Horse Collar
17:23 Double-Bit Axe
17:37 Gold Mining
18:19 Loom
27:42 Heavy Plow
28:19 Gold Shaft Mining
36:10 Wheelbarrow
38:20 Wheelbarrow
Shamdan
3:30 Loom
13:07 Feudal Age
17:07 Castle Age
15:40 Double-Bit Axe
16:19 Bloodlines
20:58 Bow Saw
23:09 Fletching
23:36 Pikeman
26:46 Bodkin Arrow
28:50 Husbandry
30:54 Light Cavalry
34:04 Scale Barding Armor
33:55 Gold Mining
34:43 Wheelbarrow
34:53 Forging
36:09 Chain Barding Armor
37:09 Horse Collar
38:37 Heavy Plow
38:24 Town Watch
ikaros
4:04 Loom
6:07 Loom
13:30 Feudal Age
18:10 Castle Age
16:40 Double-Bit Axe
21:44 Fletching
23:47 Bodkin Arrow
26:41 Padded Archer Armor
32:41 Husbandry
34:13 Leather Archer Armor
36:54 Ballistics
46:04 Imperial Age
46:10 Capped Ram
49:14 Chemistry
48:31 Bracer
49:29 Ring Archer Armor
CURITA1000
3:21 Loom
12:47 Feudal Age
16:45 Castle Age
15:48 Double-Bit Axe
27:41 Wheelbarrow
28:21 Horse Collar
29:11 Sanctity
29:02 Fervor
29:49 Hand Cart
34:52 Imperial Age
35:24 Scale Barding Armor
35:20 Padded Archer Armor
35:34 Elite Conquistador
37:10 Conscription
36:54 Husbandry
37:07 Bloodlines
37:04 Scale Barding Armor
37:01 Padded Archer Armor
36:53 Fletching
38:49 Hoardings
42:49 Bow Saw
42:40 Heavy Plow
42:58 Leather Archer Armor
43:09 Forging
43:05 Scale Barding Armor
42:22 Cavalier
45:02 Chain Barding Armor
45:12 Ring Archer Armor
45:19 Iron Casting
45:10 Paladin
47:58 Two-Man Saw
STephen
12:09 Loom
14:35 Feudal Age
18:40 Castle Age
16:39 Gold Mining
17:04 Fishing Lines
18:05 Double-Bit Axe
18:02 Horse Collar
20:06 Bow Saw
20:44 Gold Shaft Mining
20:15 Fletching
20:48 Scale Barding Armor
20:53 Forging
20:56 Stone Mining
21:30 Bodkin Arrow
24:30 Husbandry
26:45 Chain Barding Armor
27:31 Wheelbarrow
26:42 Town Watch
29:22 Horse Collar
31:12 Iron Casting
32:20 Marauders
32:43 Bloodlines
33:28 Gillnets
35:20 Hand Cart
42:19 Heavy Plow
46:51 Imperial Age
47:03 Elite Tarkan
48:14 Conscription
48:30 Plate Barding Armor
48:56 Blast Furnace
49:16 Guilds
黑石塔
4:06 Loom
4:53 Loom
15:24 Feudal Age
20:12 Castle Age
18:30 Double-Bit Axe
25:41 Stone Mining
26:24 Bow Saw
33:26 Wheelbarrow
42:33 Imperial Age
Connection lost

Rejoining the realm…

Still unreachable

The connection could not be restored.

Session expired

The server has moved on; the page needs a fresh start.